[ PARTIDA AOE2 · #468045991 ]
1v1 RMBorgoñones vs Mongols
Equipo del jugador · VICT
Equipo rival · DERR
[ ANÁLISIS DE REPETICIÓN · EXTRAÍDO DE LA PARTIDA GRABADA ]
Feudal
14:26
Castillos
25:59
Imperial
47:41
| APM promedio | 20.0 |
| APM pico | 56 |
| eAPM promedio | 13.3 |
| Aldeanos / militares | 111 / 445 |
Foco
⚔️ 33.5% · 🌾 66.5%
Spearman ×268 · Flemish Militia ×76 · Knight ×54 · Coustillier ×20 · Scout Cavalry ×14 · Trebuchet (Packed) ×9
Feudal
10:51
Castillos
24:42
Imperial
51:33
| APM promedio | 19.1 |
| APM pico | 59 |
| eAPM promedio | 11.6 |
| Aldeanos / militares | 95 / 187 |
Foco
⚔️ 37.6% · 🌾 62.4%
Camel Scout ×76 · Steppe Lancer ×65 · Mangudai ×30 · Battering Ram ×14 · Trebuchet (Packed) ×2
Mapa de la partida
Recursos iniciales + cada clic de construcción. Líneas = muros · curvas = relieve. ◆ oro · ⬟ piedra · ● bayas · ✦ reliquia · ◌ hueco del cierre
Tu base· Abierta — flanco sin cerrar
Base de Big Papa Jared· Abierta — flanco sin cerrar
Terreno inicial suavizado · ◌ = hueco del cierre detectado · pasá el cursor para detalles
Inputs por minuto
— Simon - - Big Papa Jared
Build order — Simon
Primeras 150 de 386 acciones detectadas
| 0:02 | Construir | House |
| 0:04 | Construir | House |
| 0:09 | Crear | Villager (Male) |
| 0:10 | Crear | Villager (Male) |
| 0:10 | Crear | Villager (Male) |
| 0:10 | Crear | Villager (Male) |
| 0:10 | Crear | Villager (Male) |
| 1:42 | Crear | Villager (Male) |
| 1:53 | Construir | Lumber Camp |
| 2:14 | Crear | Villager (Male) |
| 2:39 | Crear | Villager (Male) |
| 2:39 | Crear | Villager (Male) |
| 2:49 | Investigar | Loom |
| 3:08 | Crear | Villager (Male) |
| 3:08 | Crear | Villager (Male) |
| 3:09 | Crear | Villager (Male) |
| 3:56 | Crear | Villager (Male) |
| 4:19 | Construir | House |
| 4:20 | Construir | House |
| 4:22 | Construir | House |
| 4:30 | Construir | Lumber Camp |
| 4:33 | Crear | Villager (Male) |
| 4:33 | Crear | Villager (Male) |
| 5:01 | Crear | Villager (Male) |
| 5:01 | Crear | Villager (Male) |
| 5:40 | Crear | Villager (Male) |
| 5:40 | Crear | Villager (Male) |
| 5:58 | Investigar | Double-Bit Axe |
| 6:04 | Construir | Mill |
| 6:41 | Crear | Villager (Male) |
| 6:41 | Crear | Villager (Male) |
| 7:08 | Crear | Villager (Male) |
| 7:34 | Crear | Villager (Male) |
| 7:34 | Crear | Villager (Male) |
| 7:59 | Crear | Villager (Male) |
| 7:59 | Crear | Villager (Male) |
| 8:20 | Crear | Villager (Male) |
| 9:03 | Crear | Villager (Male) |
| 9:43 | Investigar | Wheelbarrow |
| 10:04 | Crear | Villager (Male) |
| 11:26 | Construir | Mining Camp |
| 11:27 | Crear | Villager (Male) |
| 11:28 | Crear | Villager (Male) |
| 12:06 | Construir | Mill |
| 12:16 | Investigar | Feudal Age |
| 12:22 | Investigar | Gold Mining |
| 12:25 | Investigar | Horse Collar |
| 12:28 | Investigar | Stone Mining |
| 13:26 | Construir | House |
| 13:28 | Construir | House |
| 13:30 | Construir | House |
| 13:31 | Construir | House |
| 14:23 | Construir | Barracks |
| 14:26 | Edad | Edad Feudal |
| 14:29 | Investigar | Heavy Plow |
| 14:31 | Investigar | Bow Saw |
| 14:33 | Investigar | Gold Shaft Mining |
| 14:34 | Investigar | Stone Shaft Mining |
| 14:37 | Crear | Villager (Male) |
| 14:37 | Crear | Villager (Male) |
| 14:37 | Crear | Villager (Male) |
| 14:37 | Crear | Villager (Male) |
| 14:49 | Investigar | Town Watch |
| 15:11 | Construir | Mining Camp |
| 15:23 | Construir | Blacksmith |
| 15:27 | Investigar | Arson |
| 15:39 | Construir | House |
| 15:41 | Construir | House |
| 15:48 | Investigar | Hand Cart |
| 16:00 | Crear | Villager (Male) |
| 16:14 | Construir | Market |
| 16:44 | Construir | House |
| 16:45 | Construir | House |
| 17:05 | Investigar | Forging |
| 17:14 | Crear | Villager (Male) |
| 17:14 | Crear | Villager (Male) |
| 17:14 | Crear | Villager (Male) |
| 17:14 | Crear | Villager (Male) |
| 17:32 | Construir | Stable |
| 17:37 | Construir | Stable |
| 17:43 | Investigar | Scale Barding Armor |
| 17:46 | Construir | House |
| 17:48 | Construir | House |
| 18:30 | Construir | Farm |
| 18:30 | Construir | Farm |
| 18:31 | Construir | Farm |
| 18:31 | Construir | Farm |
| 18:31 | Construir | Farm |
| 18:31 | Construir | Farm |
| 18:32 | Construir | Farm |
| 18:32 | Construir | Farm |
| 18:32 | Construir | Farm |
| 18:32 | Construir | Farm |
| 18:40 | Crear | Villager (Male) |
| 18:41 | Crear | Villager (Male) |
| 18:41 | Crear | Villager (Male) |
| 18:41 | Crear | Villager (Male) |
| 18:41 | Crear | Villager (Male) |
| 18:58 | Construir | Farm |
| 19:09 | Construir | Farm |
| 19:09 | Construir | Farm |
| 19:09 | Construir | Farm |
| 19:25 | Construir | Farm |
| 19:35 | Construir | Farm |
| 19:36 | Construir | Farm |
| 19:36 | Construir | Farm |
| 19:37 | Construir | Farm |
| 19:45 | Construir | Farm |
| 20:00 | Construir | Farm |
| 20:09 | Construir | Farm |
| 20:13 | Construir | Farm |
| 20:42 | Construir | Farm |
| 20:49 | Crear | Villager (Male) |
| 20:49 | Crear | Villager (Male) |
| 20:49 | Crear | Villager (Male) |
| 21:15 | Construir | Lumber Camp |
| 21:21 | Construir | Farm |
| 21:46 | Construir | Farm |
| 21:53 | Crear | Villager (Male) |
| 21:53 | Crear | Villager (Male) |
| 21:53 | Crear | Villager (Male) |
| 22:10 | Construir | Farm |
| 22:36 | Construir | Farm |
| 22:58 | Construir | Farm |
| 23:15 | Investigar | Castle Age |
| 23:24 | Construir | Farm |
| 23:32 | Crear | Villager (Male) ×2 |
| 24:59 | Construir | Lumber Camp |
| 25:59 | Edad | Edad de los Castillos |
| 26:00 | Investigar | Two-Man Saw |
| 26:01 | Investigar | Crop Rotation |
| 26:09 | Investigar | Cavalier (upgrade) |
| 26:13 | Investigar | Husbandry |
| 26:17 | Investigar | Chain Barding Armor |
| 26:18 | Investigar | Iron Casting |
| 26:27 | Crear | Villager (Male) ×5 |
| 26:27 | Crear | Villager (Male) ×5 |
| 26:40 | Construir | Town Center |
| 27:07 | Crear | Knight ×3 |
| 27:53 | Construir | Monastery |
| 27:59 | Construir | University |
| 28:09 | Crear | Knight ×5 |
| 28:10 | Crear | Knight ×5 |
| 28:48 | Construir | Mining Camp |
| 28:53 | Crear | Monk |
| 28:53 | Crear | Monk |
| 29:07 | Construir | Town Center |
| 29:29 | Crear | Flemish Militia ×4 |
| 29:29 | Crear | Flemish Militia ×5 |
| 29:29 | Crear | Flemish Militia |
Build order — Big Papa Jared
Primeras 150 de 407 acciones detectadas
| 0:15 | Construir | House |
| 0:18 | Construir | House |
| 0:21 | Crear | Villager (Male) |
| 0:21 | Crear | Villager (Male) |
| 0:21 | Crear | Villager (Male) |
| 0:22 | Crear | Villager (Male) |
| 0:22 | Crear | Villager (Male) |
| 2:29 | Crear | Villager (Male) |
| 2:29 | Crear | Villager (Male) |
| 2:29 | Crear | Villager (Male) |
| 3:03 | Construir | Mill |
| 3:16 | Crear | Villager (Male) |
| 3:17 | Crear | Villager (Male) |
| 3:17 | Crear | Villager (Male) |
| 4:55 | Crear | Villager (Male) |
| 4:55 | Crear | Villager (Male) |
| 4:55 | Crear | Villager (Male) |
| 4:56 | Crear | Villager (Male) |
| 4:56 | Crear | Villager (Male) |
| 5:32 | Construir | House |
| 5:59 | Crear | Villager (Male) |
| 6:34 | Crear | Villager (Male) |
| 7:44 | Construir | Lumber Camp |
| 8:41 | Investigar | Feudal Age |
| 10:51 | Edad | Edad Feudal |
| 10:59 | Investigar | Loom |
| 11:03 | Investigar | Loom |
| 11:03 | Crear | Villager (Male) |
| 11:25 | Construir | Blacksmith |
| 11:38 | Investigar | Horse Collar |
| 12:26 | Construir | Barracks |
| 12:32 | Investigar | Wheelbarrow |
| 12:34 | Investigar | Town Watch |
| 12:44 | Investigar | Double-Bit Axe |
| 12:50 | Investigar | Forging |
| 13:14 | Construir | House |
| 13:16 | Construir | House |
| 13:46 | Construir | Mining Camp |
| 14:09 | Construir | Farm |
| 14:11 | Construir | Farm |
| 14:27 | Investigar | Gold Mining |
| 14:48 | Crear | Villager (Male) |
| 14:48 | Crear | Villager (Male) |
| 14:49 | Crear | Villager (Male) |
| 14:49 | Crear | Villager (Male) |
| 15:23 | Construir | Farm |
| 16:04 | Construir | Stable |
| 16:15 | Construir | Farm |
| 16:17 | Construir | Farm |
| 16:24 | Crear | Villager (Male) |
| 16:24 | Crear | Villager (Male) |
| 16:24 | Crear | Villager (Male) |
| 16:56 | Construir | Farm |
| 16:58 | Construir | Farm |
| 16:59 | Construir | Farm |
| 17:03 | Construir | Farm |
| 17:05 | Construir | Farm |
| 17:07 | Construir | Farm |
| 17:10 | Construir | Farm |
| 17:11 | Construir | Farm |
| 17:34 | Investigar | Bloodlines |
| 17:41 | Investigar | Scale Barding Armor |
| 18:11 | Construir | Stable |
| 18:49 | Construir | House |
| 18:50 | Construir | House |
| 19:07 | Construir | Mill |
| 22:02 | Investigar | Castle Age |
| 23:57 | Construir | Mining Camp |
| 24:04 | Investigar | Stone Mining |
| 24:42 | Edad | Edad de los Castillos |
| 24:47 | Investigar | Town Patrol |
| 25:24 | Investigar | Husbandry |
| 25:35 | Crear | Camel Scout |
| 25:36 | Crear | Camel Scout |
| 25:36 | Crear | Camel Scout |
| 25:37 | Crear | Camel Scout |
| 25:37 | Crear | Camel Scout |
| 26:00 | Crear | Villager (Male) |
| 26:00 | Crear | Villager (Male) |
| 26:14 | Crear | Camel Scout |
| 26:37 | Construir | Farm |
| 27:07 | Construir | Farm |
| 27:18 | Crear | Camel Scout |
| 27:18 | Crear | Camel Scout |
| 27:19 | Crear | Camel Scout |
| 27:19 | Crear | Camel Scout |
| 27:52 | Crear | Villager (Male) |
| 27:52 | Crear | Villager (Male) |
| 28:10 | Construir | Town Center |
| 28:44 | Investigar | Chain Barding Armor |
| 30:00 | Crear | Steppe Lancer |
| 30:01 | Crear | Steppe Lancer |
| 30:01 | Crear | Steppe Lancer |
| 30:01 | Crear | Steppe Lancer |
| 30:01 | Crear | Steppe Lancer |
| 30:02 | Crear | Steppe Lancer |
| 30:12 | Construir | Siege Workshop |
| 31:19 | Crear | Camel Scout |
| 31:19 | Crear | Camel Scout |
| 31:19 | Crear | Camel Scout |
| 31:20 | Crear | Camel Scout |
| 31:20 | Crear | Camel Scout |
| 31:21 | Crear | Steppe Lancer |
| 31:21 | Crear | Steppe Lancer |
| 31:35 | Construir | Farm |
| 31:36 | Construir | Farm |
| 31:41 | Crear | Villager (Male) |
| 31:42 | Crear | Villager (Male) |
| 31:42 | Crear | Villager (Male) |
| 32:47 | Crear | Villager (Male) |
| 32:47 | Crear | Villager (Male) |
| 32:47 | Crear | Villager (Male) |
| 32:47 | Crear | Villager (Male) |
| 32:48 | Crear | Villager (Male) |
| 32:48 | Crear | Villager (Male) |
| 33:03 | Construir | Farm |
| 33:04 | Construir | Farm |
| 33:06 | Crear | Villager (Male) |
| 33:07 | Crear | Villager (Male) |
| 33:07 | Crear | Villager (Male) |
| 33:14 | Construir | Farm |
| 33:33 | Investigar | Scale Mail Armor |
| 35:18 | Construir | Farm |
| 35:19 | Construir | Farm |
| 36:26 | Crear | Battering Ram |
| 36:27 | Crear | Battering Ram |
| 36:27 | Crear | Battering Ram |
| 36:27 | Crear | Battering Ram |
| 36:27 | Crear | Battering Ram |
| 36:27 | Crear | Battering Ram |
| 36:51 | Crear | Camel Scout |
| 36:52 | Crear | Camel Scout |
| 36:52 | Crear | Camel Scout |
| 36:53 | Crear | Steppe Lancer |
| 36:53 | Crear | Steppe Lancer |
| 36:53 | Crear | Steppe Lancer |
| 36:53 | Crear | Steppe Lancer |
| 37:02 | Construir | House |
| 37:03 | Construir | House |
| 37:04 | Construir | House |
| 37:08 | Crear | Villager (Male) |
| 37:08 | Crear | Villager (Male) |
| 37:08 | Crear | Villager (Male) |
| 37:09 | Crear | Villager (Male) |
| 37:09 | Crear | Villager (Male) |
| 37:09 | Crear | Villager (Male) |
| 37:17 | Construir | Farm |
| 38:10 | Construir | Town Center |
| 39:01 | Crear | Camel Scout |
| 39:02 | Crear | Camel Scout |
Cronología de la partida
| 10:51 | Big Papa Jared · age_up feudal |
| 12:26 | Big Papa Jared · first_building Barracks |
| 14:23 | Simon · first_building Barracks |
| 14:26 | Simon · age_up feudal |
| 16:04 | Big Papa Jared · first_building Stable |
| 17:32 | Simon · first_building Stable |
| 24:42 | Big Papa Jared · age_up castle |
| 25:59 | Simon · age_up castle |
| 27:53 | Simon · first_building Monastery |
| 30:12 | Big Papa Jared · first_building Siege Workshop |
| 34:00 | Simon · first_building Castle |
| 38:00 | Simon · first_market_sell 500 wood |
| 38:06 | Simon · first_market_buy 500 food |
| 41:46 | Big Papa Jared · first_building Castle |
| 47:41 | Simon · age_up imperial |
| 51:33 | Big Papa Jared · age_up imperial |
| 72:32 | Big Papa Jared · resign |
[ ANÁLISIS IA · 1 CRÉDITO ]
¿Qué pasó realmente en esta partida?
Wolo.gg analiza cada decisión: build order, eco, micro, errores típicos por bracket. Análisis personalizado por WhatsApp o Discord en 30 segundos.
Guía civ
Borgoñones
Guía mapa
MegaRandom
Perfil
Jugador #4828089